 Dungeon Crawl Stone Soup version 0.21.0-3-g78d12a8 (webtiles) character file.

1776 Inkary the Cleaver (level 8, 0/73 HPs)
             Began as a Minotaur Berserker on Jan 11, 2018.
             Was a Priest of Trog.
             Slain by a jelly (3 damage)
             ... on level 7 of the Dungeon on Jan 12, 2018.
             The game lasted 00:09:23 (5368 turns).

Inkary the Cleaver (Minotaur Berserker)             Turns: 5368, Time: 00:09:24

Health: 0/73       AC: -9    Str: 24    XL:     8   Next: 81%
Magic:  7/7        EV: 16    Int:  4    God:    Trog [***...]
Gold:   428        SH:  0    Dex: 10    Spells: 7/7 levels left

rFire    . . .     SeeInvis .   a - +0 hand axe
rCold    + . .     Gourm    .   (no shield)
rNeg     . . .     Faith    .   p - +3 ring mail {rPois}
rPois    +         Spirit   .   (helmet restricted)
rElec    .         Reflect  .   i - +0 cloak
rCorr    .         Harm     .   (no gloves)
MR       ++...                  (no boots)
Stlth    ..........             (no amulet)
HPRegen  1.22/turn              w - ring of protection from cold
MPRegen  0.10/turn              l - +3 ring of evasion

@: corroded, regenerating
A: retaliatory headbutt, horns 2
a: Berserk, Trog's Hand, Burn Spellbooks, Renounce Religion


You were on level 7 of the Dungeon.
You worshipped Trog.
Trog was most pleased with you.
You were very hungry.

You visited 1 branch of the dungeon, and saw 7 of its levels.
You also visited: Sewer.

You collected 428 gold pieces.

Inventory:

Hand Weapons
 a - a +0 hand axe (weapon)
Armour
 i - a +0 cloak (worn)
 p - a +3 ring mail of poison resistance (worn)
Jewellery
 e - an uncursed ring of stealth
 l - a +3 ring of evasion (right hand)
 q - an uncursed amulet of rage
 r - an uncursed ring of wizardry {unknown}
 w - a ring of protection from cold (left hand)
Scrolls
 b - 2 scrolls of enchant weapon {unknown}
 d - 4 scrolls of remove curse
 g - 2 scrolls of fear
 j - a scroll of magic mapping
 m - 5 scrolls of teleportation
 v - a scroll of enchant armour {unknown}
Potions
 f - 2 potions of ambrosia {unknown}
 k - 11 potions of curing
 n - 4 potions of flight
 o - 2 potions of magic
 s - 3 potions of brilliance {unknown}
 t - 2 potions of lignification {unknown}
 u - a potion of haste {unknown}
Comestibles
 c - 14 rations
 h - 4 chunks of flesh


   Skills:
 + Level 7.1 Fighting
 * Level 9.4 Axes
 + Level 6.5 Armour
 + Level 5.9 Dodging


You had 7 spell levels left.
You didn't know any spells.

Dungeon Overview and Level Annotations

Branches:
Dungeon (7/15)             Temple (0/1) D:4

Altars:
Ashenzari
Cheibriados
Fedhas
Hepliaklqana
Ru
Yredelemnul

Shops:
D:4 (


Innate Abilities, Weirdness & Mutations

You reflexively headbutt those who attack you in melee.
You have a pair of horns on your head.


Message History

You are feeling very hungry.
The jelly hits you.
* * * LOW HITPOINT WARNING * * *
You are splashed with acid!
The acid burns!
* * * LOW HITPOINT WARNING * * *
The orc hits you.
* * * LOW HITPOINT WARNING * * *
Okay, then.
Okay, then.
You feel better. The jelly hits you.
* * * LOW HITPOINT WARNING * * *
You are splashed with acid!
The acid burns!
* * * LOW HITPOINT WARNING * * *
The orc completely misses you.
You hit the jelly but do no damage.
Your hands burn!
* * * LOW HITPOINT WARNING * * *
You headbutt the jelly.
The jelly is almost dead.
You hit the orc but do no damage. The jelly hits you.
You die...

.................
#######....#.###......
# #........# .....#
#####.#..#..#####....
.........#..# #.#..# #
.#####......# #.#(.#.#
#
#..#######....#.#.##.
#.........o##........
##.####....@Jo....#
#.>.##.######)#..#
###.##.#### ... #
#.......# .###
######### .. .# .. ##


You could see a jelly and 2 orcs.

Vanquished Creatures
  A sky beast (D:6)
  2 phantoms
  2 ogres
  3 centaurs
  A big kobold (Sewer)
  2 bullfrogs (D:6)
  3 wights (D:7)
  A howler monkey (D:5)
  A hound (D:7)
  A centaur skeleton (D:2)
  5 orc priests
  A bullfrog skeleton (D:5)
  4 orc wizards
  3 iguanas
  Terence (D:3)
  2 worker ants
  2 hound zombies
  A hound skeleton (D:5)
  A river rat (Sewer)
  8 adders
  An ooze (D:2)
  An adder zombie (D:7)
  An adder skeleton (D:4)
  2 worms
  3 dart slugs
  2 leopard geckos
  19 orcs
  4 giant cockroaches
  4 goblins
  6 hobgoblins
  4 jackals
  6 kobolds
  3 quokkas (D:4)
  2 ball pythons
  4 bats
  8 frilled lizards
  A quokka zombie (D:5)
  11 rats
127 creatures vanquished.

Notes
Turn   | Place    | Note
-------+----------+-------------------------------------------
     0 | D:1      | Inkary the Minotaur Berserker began the quest for the Orb.
     0 | D:1      | Reached XP level 1. HP: 19/19 MP: 0/0
   238 | D:1      | Reached XP level 2. HP: 27/27 MP: 1/1
   244 | D:1      | Reached skill level 4 in Axes
   928 | D:2      | Reached XP level 3. HP: 33/33 MP: 2/2
   998 | D:2      | Reached ** piety under Trog
  1042 | D:2      | Noticed a phantom
  1075 | D:2      | Killed a phantom
  1075 | D:2      | Reached skill level 5 in Axes
  1075 | D:2      | Reached XP level 4. HP: 24/41 MP: 3/3
  1075 | D:2      | Reached XP level 5. HP: 27/47 MP: 4/4
  1749 | D:3      | Noticed Terence
  1754 | D:3      | Killed Terence
  1813 | D:3      | Reached XP level 6. HP: 30/55 MP: 5/5
  2019 | D:3      | Reached skill level 5 in Fighting
  2019 | D:3      | Reached skill level 6 in Axes
  2840 | D:4      | Found Zuirphem's Weapon Boutique.
  2911 | D:4      | Found a staircase to the Ecumenical Temple.
  3079 | D:4      | Reached XP level 7. HP: 42/61 MP: 6/6
  3150 | D:4      | Reached skill level 7 in Axes
  3561 | D:4      | Found a shattered altar of Ashenzari.
  3565 | D:4      | Saw a vision of the Shoals and the Snake Pit.
  3565 | D:4      | Noticed a merfolk siren
  3565 | D:4      | Noticed a black mamba
  3565 | D:4      | Noticed an anaconda
  3565 | D:4      | Noticed a black mamba
  3565 | D:4      | Noticed a merfolk siren
  3565 | D:4      | Noticed a merfolk
  3565 | D:4      | Noticed an anaconda
  3565 | D:4      | Noticed a merfolk siren
  3565 | D:4      | Noticed a merfolk
  3566 | D:4      | Noticed a black mamba
  3833 | D:5      | Entered Level 5 of the Dungeon
  3873 | D:5      | Reached skill level 5 in Armour
  3923 | D:5      | Reached *** piety under Trog
  3927 | D:5      | Reached skill level 8 in Axes
  3927 | D:5      | Reached XP level 8. HP: 52/70 MP: 7/7
  3940 | D:5      | Reached skill level 5 in Dodging
  3956 | D:5      | Found a glowing drain.
  3973 | Sewer    | Entered a sewer
  4076 | Sewer    | Found a white marble altar of Elyvilon.
  4196 | D:5      | Found a snail-covered altar of Cheibriados.
  4287 | D:5      | Found a hazy altar of Hepliaklqana.
  4427 | D:5      | Found a basalt altar of Yredelemnul.
  4428 | D:5      | Found a sacrificial altar of Ru.
  4522 | D:6      | Found a blossoming altar of Fedhas.
  4959 | D:6      | Reached skill level 9 in Axes
  5368 | D:7      | HP: 2/73 [acid (2)]
  5368 | D:7      | Slain by a jelly

Skill      XL: |  1  2  3  4  5  6  7  8 |
---------------+-------------------------+-----
Axes           | 4 5 6 8 9 |  9.4
Fighting       | 4 5 6 7 |  7.1
Armour         | 3 4 5 6 |  6.5
Dodging        | 3 4 5 |  5.9

Action                   |  1- 3 |  4- 6 |  7- 9 || total
-------------------------+-------+-------+-------++-------
Melee: Hand axe          |    75 |   124 |   203 ||   402
       Headbutt          |    11 |    31 |    42 ||    84
Invok: Trog's Hand       |     1 |     1 |     3 ||     5
       Berserk           |       |     2 |     1 ||     3
  Use: Scroll            |       |       |     9 ||     9
       Potion            |       |       |     1 ||     1
 Stab: Sleeping          |     4 |       |       ||     4
  Eat: Chunk             |       |    10 |     4 ||    14
       Ration            |       |       |     1 ||     1
Armor: Animal skin       |     3 |       |       ||     3
       Leather armour    |     5 |       |       ||     5
       Scale mail        |     9 |    10 |       ||    19
       Ring mail         |       |    35 |    64 ||    99
Dodge: Dodged            |    34 |    66 |   153 ||   253
